 Dungeon Sprint DCSS version 0.20-a0-1020-g7b9e4fe (webtiles) character file.

6200000 Krakonus1 the Intangible (level 21, -109/122 HPs)
             Began as a Felid Monk on Apr 18, 2017.
             Was the Champion of Makhleb.
             Annihilated by a destroyer
             ... wielding a +9 great sword of slicing
              (146 damage)
             ... in the Dungeon (Sprint VIII: "Arena of Blood").
             The game lasted 00:04:34 (62 turns).

Krakonus1 the Intangible (Felid Monk)                 Turns: 62, Time: 00:04:35

Health: -109/122   AC:  3    Str:  7    XL:     21   Next: 19%
Magic:  53/53      EV: 44    Int: 13    God:    Makhleb [******]
Gold:   0          SH:  0    Dex: 27    Spells: 74/74 levels left
                                        Lives:  0   Deaths: 2

rFire    . . .     SeeInvis +     - Unarmed
rCold    + . .     Gourm    .   (shield unavailable)
rNeg     . . .     Faith    .   (armour unavailable)
rPois    .         Spirit   .   (helmet unavailable)
rElec    .         Reflect  .   (cloak unavailable)
rCorr    .         Harm     .   (gloves unavailable)
MR       +++..     NoTele   +   (boots unavailable)
Stlth    ++++++++++             (no amulet)
Regen    0.3/turn               h - +27000 ring of slaying
MPRegen  0.4/turn               (no ring)

@: quick
A: no armour, no weapons or thrown items, stealth, claws 1, fangs 3, see
invisible, carnivore 3, speed 1, shaggy fur 3, slow metabolism 1, sharp paws
a: Minor Destruction, Lesser Servant of Makhleb, Major Destruction, Greater
Servant of Makhleb, Renounce Religion


You were in the Dungeon.
You worshipped Makhleb.
Makhleb was exalted by your worship.
You were not hungry.

You visited 1 branch

Inventory:

Jewellery
 h - a +27000 ring of slaying (left paw)
Scrolls
 g - a scroll of blinking
Potions
 b - a potion of curing
 c - a potion of heal wounds
 e - 2 potions of magic
 f - a potion of berserk rage
Comestibles
 a - a meat ration


   Skills:
 O Level 27 Fighting
 O Level 27 Dodging
 O Level 27 Stealth
 O Level 27 Unarmed Combat
 O Level 27 Spellcasting
 O Level 27 Invocations


You had 74 spell levels left.
You didn't know any spells.

Dungeon Overview and Level Annotations

Branches:
Dungeon (1/1)

Altars:
Makhleb

Annotations:
D The Servant


Innate Abilities, Weirdness & Mutations

You cannot wear armour.
You are incapable of wielding weapons or throwing items.
Your paws allow you to move quietly. (Stealth)
You have sharp claws.
You have razor-sharp teeth.
You have supernaturally acute eyesight. (SInv)
You are carnivorous and can eat meat at any time.
You cover ground quickly.
Your thick and shaggy fur keeps you warm. (AC +3, rC+)
You have a slow metabolism.
Your sharp claws are effective at attacking unaware monsters.


Message History

The destroyer blinks!
The accursed points at you and mumbles some strange words.
Something smites you!
You hear a shout! x2
You eviscerate the large bag of meat!!!!!!!!!!!
The large bag of meat explodes!
The fiery explosion engulfs the large bag of meat.
The fiery explosion engulfs you! Makhleb accepts your kill.
Welcome back to level 21!
You are engulfed in blazing flames.
You hear a shout! x4
The large bag of meat is engulfed in blazing flames.
The large bag of meat hits you with a +9 giant spiked club.
The large bag of meat hits you with a +9 giant spiked club!!!
You hear a shout!
You hear a shout! x3
The destroyer hits you with a +9 great sword of slicing!!!!!
Ouch! That really hurt!
You die...

....#..V....#.)...o....
............@o...§.....
................#.M.#..
.........X.....#....# .
..........M..##.....#
...#..§o§§o.#. ....#..
......O§§)..#...###...
..##.#§§§.......
.......@........
##....#V....####
..........o...#
...............
#.......=.......
################


You could see an accursed, The Servant, a destroyer, a large bag of meat (inner
flame), a large abomination and 4 bags of meat.

Vanquished Creatures
  3 vampire knights (D)
  5 ogres (D)
  3 two-headed ogres (D)
  20 orcs (D)
31 creatures vanquished.

Vanquished Creatures (others)
  4 crawling corpses (D)
4 creatures vanquished.

Grand Total: 35 creatures vanquished

Notes
Turn   | Place    | Note
-------+----------+-------------------------------------------
     0 | D        | Krakonus1 the Felid Monk began the quest for the Orb.
     0 | D        | Reached XP level 1. HP: 11/11 MP: 2/2
     3 | D        | Noticed a bag of meat
     3 | D        | Noticed a meat berserker
     4 | D        | Became a worshipper of Makhleb the Destroyer
     4 | D        | Reached * piety under Makhleb
     4 | D        | Reached ** piety under Makhleb
     8 | D        | Noticed a bag of meat
     8 | D        | Killed a meat berserker
     8 | D        | Reached skill level 27 in Dodging
     8 | D        | Reached XP level 2. HP: 33/33 MP: 3/3
     8 | D        | Reached XP level 3. HP: 37/37 MP: 4/4
     8 | D        | Reached XP level 4. HP: 42/42 MP: 5/5
     8 | D        | Reached XP level 5. HP: 46/46 MP: 6/6
     8 | D        | Gained mutation: You are covered in thick fur. (AC +2) [Felid growth]
     8 | D        | Reached XP level 6. HP: 50/50 MP: 7/7
     8 | D        | Reached XP level 7. HP: 54/54 MP: 8/8
     8 | D        | Reached XP level 8. HP: 59/59 MP: 9/9
     8 | D        | Reached XP level 9. HP: 63/63 MP: 10/10
     8 | D        | Reached XP level 10. HP: 67/67 MP: 11/11
     8 | D        | Reached XP level 11. HP: 71/71 MP: 12/12
     8 | D        | Gained mutation: Your thick and shaggy fur keeps you warm. (AC +3, rC+) [Felid growth]
     8 | D        | Reached XP level 12. HP: 76/76 MP: 13/13
     8 | D        | Reached XP level 13. HP: 80/80 MP: 14/14
     9 | D        | Noticed a meat berserker
     9 | D        | Noticed a bag of meat
    10 | D        | Noticed a bag of meat
    11 | D        | Noticed a bag of meat
    11 | D        | Noticed a bag of meat
    11 | D        | Noticed a bag of meat
    12 | D        | Killed a meat berserker
    12 | D        | Reached skill level 27 in Fighting
    12 | D        | Reached XP level 14. HP: 91/91 MP: 15/15
    13 | D        | Killed a bag of meat
    15 | D        | Noticed a bag of meat
    15 | D        | Noticed a bag of meat
    15 | D        | Killed a bag of meat
    15 | D        | Reached *** piety under Makhleb
    15 | D        | Reached skill level 27 in Stealth
    15 | D        | Reached XP level 15. HP: 95/95 MP: 16/16
    18 | D        | Noticed a meat berserker
    20 | D        | Reached **** piety under Makhleb
    20 | D        | Reached XP level 16. HP: 100/100 MP: 17/17
    22 | D        | Noticed a meat berserker
    24 | D        | Reached skill level 27 in Unarmed Combat
    25 | D        | Noticed a destroyer
    26 | D        | Reached XP level 17. HP: 104/104 MP: 17/31
    28 | D        | Noticed a large bag of meat
    28 | D        | Noticed a large bag of meat
    28 | D        | Reached ***** piety under Makhleb
    31 | D        | Killed a meat berserker
    31 | D        | Reached skill level 27 in Invocations
    31 | D        | Reached XP level 18. HP: 109/109 MP: 17/37
    32 | D        | Killed a large bag of meat
    34 | D        | Reached XP level 19. HP: 113/113 MP: 17/50
    35 | D        | Noticed a large bag of meat
    36 | D        | Noticed a large bag of meat
    36 | D        | Noticed The Servant
    36 | D        | Reached skill level 27 in Spellcasting
    38 | D        | Killed a destroyer
    38 | D        | Reached ****** piety under Makhleb
    39 | D        | Noticed a destroyer
    39 | D        | Killed a large bag of meat
    39 | D        | Reached XP level 20. HP: 118/118 MP: 18/52
    40 | D        | Noticed a destroyer
    41 | D        | Killed a meat berserker
    44 | D        | Noticed a large bag of meat
    44 | D        | Noticed a destroyer
    44 | D        | Noticed a large bag of meat
    47 | D        | Noticed a meat berserker
    47 | D        | Killed a meat berserker
    47 | D        | Reached XP level 21. HP: 122/122 MP: 19/53
    47 | D        | Slain by The Servant
    48 | D        | Reached XP level 20. HP: -2/118 MP: 19/52
    48 | D        | Noticed a destroyer
    50 | D        | Noticed a meat berserker
    50 | D        | Noticed an accursed
    50 | D        | Killed a destroyer
    51 | D        | Noticed a destroyer
    53 | D        | Noticed an accursed
    53 | D        | Noticed a tyrant
    53 | D        | HP: 4/118 [The Servant/+9 glaive of flaming (3)]
    53 | D        | Annihilated by a large bag of meat
    54 | D        | Reached XP level 19. HP: -128/113 MP: 51/51
    54 | D        | Noticed a destroyer
    54 | D        | Noticed a large bag of meat
    55 | D        | Killed a destroyer
    55 | D        | Reached XP level 20. HP: 74/118 MP: 52/52
    59 | D        | Noticed a destroyer
    61 | D        | Killed a large bag of meat
    61 | D        | Reached XP level 21. HP: 88/122 MP: 53/53
    62 | D        | Annihilated by a destroyer

Vault maps used:
D:        meatsprint

Skill      XL: |  1  2  3  4  5  6  7  8  9 10 11 12 13 14 15 16 17 18 19 |
---------------+----------------------------------------------------------+-----
Dodging        | 27 | 27.0
Fighting       | 22 27 | 27.0
Stealth        | 17 27 | 27.0
Unarmed Combat | 11 24 27 | 27.0
Invocations    | 18 27 | 27.0
Spellcasting   | 14 26 27 | 27.0

Action                   |  1- 3 |  4- 6 |  7- 9 | 10-12 | 13-15 | 16-18 | 19-21 || total
-------------------------+-------+-------+-------+-------+-------+-------+-------++-------
Melee: Unarmed           |     1 |       |       |       |     6 |     9 |    15 ||    31
  Use: Potion            |     1 |       |       |       |       |       |       ||     1
Dodge: Dodged            |       |       |       |       |       |       |     1 ||     1
